AoeStats
← E-d-d-i-e91G

Arabia

503349308Analyzed
2v2 RM · 1mo ago on Aug 31, 2026· 45m 8s· 4 players
Game mode
Random Map
Map size
Medium (4 player)
Population
200
Speed
Normal
Resources
Standard
Victory
Conquest
Starting age
Dark Age
Ending age
Imperial Age
RankedLock teamsTeams togetherTeam positionsShared explorationLock speedFull tech treeHidden civsTurbo modeCheats
Victory
Defeat
🇪🇸 Romans · Spain
812
+14
🇪🇸 Byzantines · Spain
798
+15
🇦🇺 Huns · Australia
778
-34
🇦🇺 Huns · Australia
778
-34
E-d-d-i-e91G
13:17 Feudal Age
15:01 Man-at-Arms
21:18 Arson
22:54 Horse Collar
24:51 Town Watch
26:33 Double-Bit Axe
28:48 Wheelbarrow
IAMASTROMAN9714
11:39 Feudal Age
12:11 Double-Bit Axe
12:22 Horse Collar
16:47 Wheelbarrow
20:12 Gold Mining
19:46 Man-at-Arms
aniolcastellsc
4:53 Loom
14:07 Feudal Age
14:54 Gold Mining
15:01 Double-Bit Axe
15:28 Horse Collar
15:29 Man-at-Arms
17:48 Scale Mail Armor
17:59 Forging
19:23 Wheelbarrow
23:15 Fletching
23:52 Stone Mining
26:09 Arson
29:16 Castle Age
30:44 Heavy Plow
30:16 Long Swordsman
30:43 Gambesons
31:37 Iron Casting
31:18 Chain Mail Armor
31:00 Bodkin Arrow
31:38 Bow Saw
33:04 Squires
33:38 Hand Cart
41:52 Imperial Age
42:12 Two-Handed Swordsman
42:58 Champion
44:09 Spies/Treason
45:05 Elite Cataphract
pinkylee
9:27 Loom
11:45 Feudal Age
12:53 Horse Collar
13:00 Double-Bit Axe
17:37 Man-at-Arms
18:21 Scale Mail Armor
19:57 Forging
23:19 Wheelbarrow
24:33 Town Watch
25:11 Gold Mining
27:51 Castle Age
28:19 Long Swordsman
29:38 Chain Mail Armor
29:58 Iron Casting
32:22 Squires
32:45 Bow Saw
32:37 Heavy Plow
36:20 Hand Cart
37:09 Stone Mining
38:58 Husbandry
39:47 Light Cavalry
44:13 Imperial Age
41:44 Town Patrol
41:53 Town Patrol
42:18 Bloodlines
44:32 Spies/Treason
Connection lost

Rejoining the realm…

Still unreachable

The connection could not be restored.

Session expired

The server has moved on; the page needs a fresh start.